 Dungeon Crawl Stone Soup version 0.30.0-10-gfe55d96785 (webtiles) character file.

Game seed: 17147163484723811309

95 Datul the Slasher (level 4, -1/35 HPs)
             Began as a Djinni Fighter on May 15, 2023.
             Was a Plaything of Xom.
             Slain by a gnoll
             ... wielding a +0 halberd
              (9 damage)
             ... on level 2 of the Dungeon.
             The game lasted 00:02:34 (895 turns).

Datul the Slasher (Djinni Fighter)                   Turns: 895, Time: 00:02:36

Health: -1/35      AC:  9    Str: 17    XL:     4   Next: 97%
Gold:   94         EV:  7    Int:  9    God:    Xom [..*...] SH:  4 Dex: 13

rFire   + + .        a - +0 long sword
rCold   x . .        c - +0 buckler
rNeg    . . .        m - +0 chain mail
rPois   ∞            (no helmet)
rElec   .            (no cloak)
rCorr   .            (no gloves)
SInv    .            (boots unavailable)
Will    .....        (no amulet) Stlth
                     (no ring)
HPRegen 0.25/turn    (no ring)
MPRegen 0.00/turn

%: infuse magic (-2 HP)
@: flying
A: sickness immunity, fire resistance 2, cold vulnerability 1, float, innate
caster, HP casting, extra vitality 1
a: Renounce Religion


You were on level 2 of the Dungeon.
You worshipped Xom.
You were a toy of Xom.
You visited 1 branch of the dungeon, and saw 2 of its levels.

You collected 94 gold pieces.

Inventory:

Hand Weapons
 a - a +0 long sword (weapon)
Armour
 b - a +0 scale mail
 c - a +0 buckler (worn)
 m - a +0 chain mail (worn)
Scrolls
 f - a scroll of identify {unknown}
 g - a scroll of torment {unknown}
 h - a scroll of immolation {unknown}
 j - a scroll of amnesia {unknown}
 k - a scroll of blinking {unknown}
Potions
 d - a potion of might
 e - 3 potions of heal wounds {unknown}
 i - a potion of degeneration {unknown}
 l - a potion of curing {unknown}
 n - 2 potions of lignification {unknown}


   Skills:
 - Level 3.0 Fighting
 + Level 4.3 Long Blades
 - Level 3.0 Armour
 - Level 3.0 Shields


You knew the following spells:

 Your Spells              Type           Power      Damage    Failure   Level
a - Summon Small Mammal   Summ           0%         N/A       99%         1
Your spell library was empty.

Dungeon Overview and Level Annotations

Branches:
Dungeon (2/15) Zot: 11064

Altars:
Xom

Shops:
D:1 (


Innate Abilities, Weirdness & Mutations

You are immune to sickness and miasma.
You are immune to poison.
Your flesh is very heat resistant. (rF++)
You are vulnerable to cold. (rC-)
You float through the air rather than walking.
You learn spells naturally, not from books.
Your magical power is your life essence.
You have superior vitality. (+4 MHP)


Message History

You hit the gnoll but do no damage. You block the gnoll's attack.
The gnoll hits you but does no damage.
You hit the gnoll.
The gnoll is heavily wounded.
The gnoll barely misses you.
You hit the gnoll but do no damage.
The gnoll is heavily wounded.
The gnoll hits you with a +0 halberd!
You take 9 damage, and have 17/35 hp.
MASSIVE DAMAGE!!
You are too injured to fight recklessly!
You are too injured to fight recklessly!
You are too injured to fight recklessly!
You are too injured to fight recklessly!
You closely miss the gnoll.
The gnoll is heavily wounded.
The gnoll barely misses you.
You barely miss the gnoll.
The gnoll is heavily wounded.
The gnoll closely misses you. The gnoll barely misses you.
You hit the gnoll.
The gnoll is severely wounded.
The gnoll hits you with a +0 halberd!
* * * LOW HITPOINT WARNING * * *
You take 8 damage, and have 9/35 hp.
MASSIVE DAMAGE!!
You hit the gnoll.
The gnoll is almost dead.
You block the gnoll's attack.
You hit the gnoll but do no damage.
The gnoll is almost dead.
The gnoll barely misses you.
You hit the gnoll but do no damage.
The gnoll is almost dead.
The gnoll hits you but does no damage.
You hit the gnoll but do no damage.
The gnoll is almost dead.
The gnoll hits you with a +0 halberd.
* * * LOW HITPOINT WARNING * * *
The gnoll hits you with a +0 halberd!
You die... "I guess I need a new plaything now."

#. #.. #### #. #..####
#.. #g#### #.#.#.#####..
#.....#### #...#..#.####
#.......###.#...#...#.#
....#.#..#.).†.#...#....
. .. #@...#.#...#...#.#
#....g..:.#...#..#.####
#..###....#.#.#.####...
# #..###..#### ##.#
....# #### #.. ######
###


You could see a gnoll.

Vanquished Creatures
  2 gnolls (D:2)
  4 adders (D:2)
  2 worms (D:2)
  5 ball pythons
  6 endoplasms
  2 giant cockroaches (D:2)
  2 goblins (D:1)
  3 hobgoblins
  A kobold (D:1)
  A quokka (D:2)
  4 bats
  A frilled lizard (D:1)
  A rat (D:1)
34 creatures vanquished.

Notes
Turn   | Place    | Note
-------+----------+-------------------------------------------
     0 | D:1      | Datul the Djinni Fighter began the quest for the Orb.
     0 | D:1      | Reached XP level 1. HP: 20/20 MP: 0/0
    17 | D:1      | Reached skill level 2 in Long Blades
    85 | D:1      | Reached XP level 2. HP: 25/25 MP: 0/0
   237 | D:1      | Found a faded altar of an unknown god.
   239 | D:1      | Found Decaarpha's Antique Weapon Shoppe.
   293 | D:1      | Prayed at the altar of an unknown god.
   293 | D:1      | Became a worshipper of Xom the Psychotic
   332 | D:1      | XOM: silly message
   411 | D:1      | XOM: silly message
   480 | D:1      | Reached XP level 3. HP: 30/30 MP: 0/0
   480 | D:1      | Learned a level 1 spell: Summon Small Mammal
   489 | D:1      | Reached skill level 3 in Long Blades
   676 | D:2      | XOM: divination: detect creatures
   681 | D:2      | Reached XP level 4. HP: 35/35 MP: 0/0
   723 | D:2      | Reached skill level 4 in Long Blades
   734 | D:2      | XOM: smoke on damage
   895 | D:2      | Slain by a gnoll

Illustrated notes

Levels and vault maps discovered:
D:1:      beargit_arrival_greenhouse, layout_basic,
          chequers_ecumenical_altar_simple, serial_shops, shop
D:2:      minmay_spotlight, layout_loops_cross

Skill      XL: |  1  2  3  4 |
---------------+-------------+-----
Long Blades    | 2 3 4 |  4.3
Fighting       | |  3.0
Armour         | |  3.0
Shields        | |  3.0

Action                     |  1- 3 |  4- 6 || total
---------------------------+-------+-------++-------
  Melee: Long sword        |    88 |    60 ||   148
 Armour: Scale mail        |    43 |       ||    43
         Chain mail        |     6 |    23 ||    29
  Dodge: Dodged            |    43 |    20 ||    63
  Block: Buckler           |    18 |     8 ||    26
